 Dungeon Crawl Stone Soup version 0.30-b1-2-g02819fbbbe (webtiles) character file.

Game seed: 10532839470488341756

9595 LLlMATKO the Cleaver (level 11, -3/100 HPs)
             Began as a Minotaur Berserker on Sept 22, 2023.
             Was an Elder of Trog.
             Slain by Erica
             ... wielding a +1 scimitar of flaming
              (6 damage)
             ... on level 9 of the Dungeon.
             The game lasted 00:08:03 (8583 turns).

LLlMATKO the Cleaver (Minotaur Berserker)           Turns: 8583, Time: 00:08:04

Health: -3/100     AC:  7    Str: 26    XL:     11   Next: 25%
Magic:  10/10      EV: 16    Int:  4    God:    Trog [****..]
Gold:   381        SH: 18    Dex: 22    Spells: 10/10 levels left

rFire   . . .        a - +0 hand axe
rCold   . . .        o - +0 tower shield
rNeg    . . .        I - +0 ring mail of Summer {rElec rPois}
rPois   +            (helmet restricted)
rElec   +            (no cloak)
rCorr   .            (no gloves)
SInv    .            (no boots)
Will    ++...        (no amulet)
Stlth   +            l - +6 ring of dexterity
HPRegen 1.36/turn    J - +6 ring of dexterity
MPRegen 0.12/turn

%: no passive effects
@: strong-willed, on berserk cooldown, regenerating, slowed, very slow
A: horns 2, retaliatory headbutt
a: Renounce Religion, Berserk, Trog's Hand, Brothers in Arms


You were on level 9 of the Dungeon.
You worshipped Trog.
Trog was greatly pleased with you.
You visited 1 branch of the dungeon, and saw 9 of its levels.
You also visited: Ossuary.

You collected 381 gold pieces.

Inventory:

Hand Weapons
 a - a +0 hand axe (weapon)
 h - a +0 hand axe
Missiles
 m - 33 poisoned darts (quivered)
 p - 7 curare-tipped darts
Armour
 o - a +0 tower shield (worn)
 E - a +0 plate armour
 I - the +0 ring mail of Summer (worn) {rElec rPois}
   (You found it on level 8 of the Dungeon)

   rElec:     It insulates you from electricity.
   rPois:     It protects you from poison.
 K - the +4 ring mail of Poor Excuses {Rampage rC+++ Int-5}
   (You found it on level 8 of the Dungeon)

   Int:       It affects your intelligence (-5).
   rC:        It renders you almost immune to cold.
   Rampage:   It bestows one free step when moving towards enemies.
Jewellery
 l - a +6 ring of dexterity (left hand)
 D - a ring of poison resistance
 J - a +6 ring of dexterity (right hand)
Wands
 b - a wand of mindburst (14)
 q - a wand of flame (13)
 v - a wand of acid (10)
 H - a wand of iceblast (9)
Scrolls
 c - 7 scrolls of enchant weapon {unknown}
 e - 11 scrolls of teleportation {unknown}
 f - 2 scrolls of poison {unknown}
 g - 3 scrolls of fear {unknown}
 j - 13 scrolls of identify {unknown}
 n - 2 scrolls of enchant armour {unknown}
 s - 4 scrolls of amnesia {unknown}
 u - 2 scrolls of noise {unknown}
 x - 2 scrolls of vulnerability {unknown}
 y - a scroll of blinking {unknown}
 z - a scroll of magic mapping {unknown}
 A - a scroll of immolation {unknown}
 C - a scroll of summoning {unknown}
 G - a scroll of brand weapon {unknown}
Potions
 d - 3 potions of degeneration {unknown}
 i - 2 potions of flight {unknown}
 k - 2 potions of heal wounds {unknown}
 r - 6 potions of curing {unknown}
 t - a potion of lignification {unknown}
 w - 3 potions of brilliance {unknown}
 B - a potion of mutation {unknown}
 F - 2 potions of magic {unknown}
 L - a potion of attraction {unknown}


   Skills:
 + Level 10.2 Fighting
 + Level 10.3 Axes
 + Level 9.9 Armour
 + Level 9.1 Dodging
 + Level 9.1 Shields


You had 10 spell levels left.
You didn't know any spells.
Your spell library was empty.

Dungeon Overview and Level Annotations

Branches:
Dungeon (9/15)             Temple (0/1) D:6            Lair (0/5) D:8
Ossuary (visited)
    Orc: D:9-12

Altars:
Ashenzari
Fedhas
Okawaru
Qazlal
Sif Muna
Trog
Vehumet
Wu Jian
Zin

Shops:
D:8 *=*?

Annotations:
D:8 3 runed translucent doors
D:9 Erica


Innate Abilities, Weirdness & Mutations

You have a pair of horns on your head.
You reflexively headbutt those who attack you in melee.


Message History

Erica shouts!
You slash the two-headed ogre!
The two-headed ogre is almost dead.
You closely miss the orc. You block the two-headed ogre's attack.
The two-headed ogre hits you with a +0 dire flail!
* * * LOW HITPOINT WARNING * * *
You block the orc's attack.
You hit the two-headed ogre.
You kill the two-headed ogre!
Trog accepts your kill.
You barely miss the orc. You block the orc's attack. x2
Unknown command.
You slash the orc!
You kill the orc!
Trog accepts your kill. Erica casts a spell at you.
You resist with significant effort.
Unknown command.
Erica gestures at you while chanting.
You are confused.
You see here a water moccasin corpse.
You are too confused!
You bump into the stone wall.
You're too confused to move!
You feel less confused.
Erica hits you with a +1 scimitar of flaming.
* * * LOW HITPOINT WARNING * * *
Erica burns you.
* * * LOW HITPOINT WARNING * * *
Unknown command.
Unknown command.
You slash Erica!
Erica is lightly wounded.
You block Erica's attack.
Unknown command.
Your skin crawls.
You feel strong-willed. Erica barely misses you.
Erica hits you with a +1 scimitar of flaming.
You die...

.......#.......#...##
......#.......#....##
...###.....###......#
#.......#..........># .
#.))....#.........###
....#.)†....#........##
#..†.†###........##
#.....††#@......##...
#...@...#@......######
#.......#.......#
#.....###.....####
.....# .....#.. .....
......#.... ...
.......# ... #...#####
.. ###.


You could see Erica.

Vanquished Creatures
  2 two-headed ogres (D:9)
  An ugly thing (D:8)
  A slime creature (D:8)
  An elephant (D:8)
  An unseen horror (D:8)
  A troll (D:8)
  Prince Ribbit (D:7)
  A hornet (D:9)
  A wraith (D:9)
  5 yaks
  Grum (D:8)
  A basilisk (D:8)
  A vampire mosquito (D:8)
  2 steam dragons (D:8)
  A water moccasin (D:9)
  An ice beast (D:8)
  3 orc warriors (D:8)
  4 black bears
  3 sky beasts
  6 ogres
  2 wolves (D:8)
  3 centaurs
  4 kobold brigands
  6 bullfrogs
  4 scorpions
  A water moccasin zombie (Ossuary)
  3 wights (D:8)
  8 killer bees (D:9)
  4 howler monkeys (D:9)
  3 orc priests
  8 hounds
  2 sleepcaps
  An iguana (D:5)
  8 orc wizards
  2 mummies (Ossuary)
  3 adders
  A shadow imp (D:6)
  2 white imps
  2 ufetubi
  5 adder zombies (Ossuary)
  4 worms
  2 dart slugs
  18 orcs
  7 ball pythons
  4 bats
  5 endoplasms
  3 giant cockroaches
  3 gnoll zombies (Ossuary)
  12 goblins
  7 hobgoblins
  6 jackals
  3 quokkas
  8 frilled lizards
  2 hobgoblin zombies (Ossuary)
  22 kobolds
  3 kobold zombies (Ossuary)
  3 orc zombies (Ossuary)
  2 rats
224 creatures vanquished.

Vanquished Creatures (collateral kills)
  A centaur warrior (D:8)
1 creature vanquished.

Vanquished Creatures (others)
  A bush (D:4)
  A fungus (D:8)
  6 plants (D:4)
8 creatures vanquished.

Grand Total: 233 creatures vanquished

Notes
Turn   | Place    | Note
-------+----------+-------------------------------------------
     0 | D:1      | LLlMATKO the Minotaur Berserker began the quest for the
                  | Orb.
     0 | D:1      | Reached XP level 1. HP: 19/19 MP: 0/0
   180 | D:1      | Reached XP level 2. HP: 21/27 MP: 1/1
   553 | D:1      | Reached XP level 3. HP: 33/33 MP: 2/2
   838 | D:2      | Reached ** piety under Trog
  1632 | D:3      | Reached XP level 4. HP: 34/39 MP: 3/3
  1950 | D:4      | Noticed an ogre
  1957 | D:4      | Killed an ogre
  1958 | D:4      | Reached skill level 1 in Shields
  1958 | D:4      | Reached XP level 5. HP: 47/47 MP: 4/4
  2368 | D:4      | Noticed an ogre
  2386 | D:4      | Killed an ogre
  2387 | D:4      | Reached skill level 5 in Fighting
  2387 | D:4      | Reached skill level 5 in Axes
  2387 | D:4      | Reached XP level 6. HP: 56/56 MP: 5/5
  2761 | D:5      | Entered Level 5 of the Dungeon
  2845 | D:5      | Reached XP level 7. HP: 51/61 MP: 6/6
  3026 | D:5      | Found an ornate altar of the Wu Jian Council.
  3026 | D:5      | Found a blossoming altar of Fedhas.
  3032 | D:5      | Found a glowing silver altar of Zin.
  3033 | D:5      | Found a radiant altar of Vehumet.
  3041 | D:5      | Reached skill level 5 in Armour
  3101 | D:5      | Found a bloodstained altar of Trog.
  3101 | D:5      | Found an iron altar of Okawaru.
  3102 | D:5      | Found a shimmering blue altar of Sif Muna.
  3465 | D:6      | Found a sand-covered staircase.
  3473 | Ossuary  | Entered an ossuary
  3486 | Ossuary  | Reached *** piety under Trog
  3726 | D:6      | Reached skill level 5 in Dodging
  3726 | D:6      | Reached XP level 8. HP: 70/70 MP: 7/7
  4386 | D:6      | Found a staircase to the Ecumenical Temple.
  4402 | D:6      | Reached skill level 5 in Shields
  5064 | D:7      | Noticed Prince Ribbit
  5080 | D:7      | Killed Prince Ribbit
  5083 | D:7      | Reached XP level 9. HP: 10/79 MP: 8/8
  5462 | D:7      | Reached **** piety under Trog
  5522 | D:7      | Found a stormy altar of Qazlal.
  6303 | D:8      | Noticed Grum
  6326 | D:8      | Killed Grum
  6487 | D:8      | Found a runed translucent door.
  6487 | D:8      | Noticed a tengu warrior
  6487 | D:8      | Noticed a cyclops
  6487 | D:8      | Noticed a rakshasa
  6505 | D:8      | Found a runed translucent door.
  6506 | D:8      | Found a runed translucent door.
  6580 | D:8      | Found Munweheh's Jewellery Boutique.
  6762 | D:8      | Noticed a seven-headed hydra
  6771 | D:8      | Noticed an elephant
  6772 | D:8      | Found a staircase to the Lair.
  6782 | D:8      | Killed an elephant
  6786 | D:8      | Reached XP level 10. HP: 90/90 MP: 9/9
  6969 | D:8      | Found a broken altar of Ashenzari.
  7322 | D:8      | Found Zarematt's Assorted Antiques.
  7489 | D:8      | Found Kidiqid's General Store.
  7558 | D:8      | Found Zaigraes's Magic Scroll Emporium.
  7638 | D:8      | Noticed a purple ugly thing
  7653 | D:8      | Killed a purple ugly thing
  7662 | D:8      | Noticed a centaur warrior
  7685 | D:8      | Killed a centaur warrior
  8316 | D:8      | Identified the +0 ring mail of Summer {rElec rPois}
  8333 | D:8      | Identified the +4 ring mail of Poor Excuses {Rampage rC+++
                  | Int-5}
  8544 | D:9      | Noticed a two-headed ogre
  8549 | D:9      | Reached skill level 10 in Axes
  8550 | D:9      | Reached XP level 11. HP: 99/99 MP: 10/10
  8553 | D:9      | Reached skill level 10 in Fighting
  8559 | D:9      | Noticed a two-headed ogre
  8562 | D:9      | Killed a two-headed ogre
  8572 | D:9      | Noticed Erica
  8573 | D:9      | HP: 1/99 [two-headed ogre/+0 giant spiked club (12)]
  8574 | D:9      | Killed a two-headed ogre
  8581 | D:9      | HP: 2/100 [Erica/+1 scimitar of flaming (3)]
  8583 | D:9      | Slain by Erica

Illustrated notes

Levels and vault maps discovered:
D:1:      heliophobic_arrival_dark_side_of_the_moon, layout_loops_ring,
          serial_park_tiny_1, minmay_domino_2
D:2:      layout_loops_ring, hex_large, mrwooster_statue_mirror
D:3:      layout_rooms, solitary_fountain
D:4:      layout_basic, serial_forest, infiniplex_forest_lined_corner,
          infiniplex_forest_clump_medium, infiniplex_forest_lined_2,
          infiniplex_forest_clump_small, infiniplex_forest_straight_2,
          infiniplex_forest_end_1
D:5:      layout_rooms, grunt_temple_overflow_open
D:6:      layout_layer_cave, minmay_temple_entry_junction,
          lightli_ossuary_entry_decrepit_ruins
D:7:      layout_cave_pools, lemuel_tele_altar, minivault_1,
          dreamdust_princess_corridor, uniq_prince_ribbit1
D:8:      minmay_the_grid_triangle_9x9_rhombus_thin
          [minmay_the_grid_triangle_9x9_alien,
          minmay_the_grid_triangle_9x9_prize_insulated,
          minmay_the_grid_triangle_9x9_fully_insulated_deathbox,
          minmay_the_grid_triangle_9x9_negative_grid], layout_loops_ring,
          nicolae_overflow_crystal_walls, david_lair_generic, serial_shops,
          nicolae_shop_back_alley_shop, nicolae_shop_peninsula,
          nicolae_shop_competitors_out_of_business, nicolae_stop_n_shop_2,
          minmay_misc_feat_encased, uniq_grum
D:9:      nicolae_hitomezashi [nicolae_hito_row, nicolae_hito_row,
          nicolae_hito_row, nicolae_hito_row, nicolae_hito_row,
          nicolae_hito_row, nicolae_hito_row, nicolae_hito_row,
          nicolae_hito_row, nicolae_hito_row, nicolae_hito_row,
          nicolae_hito_row, nicolae_hito_row, nicolae_hito_row,
          nicolae_hito_row, nicolae_hito_row, nicolae_hito_row,
          nicolae_hito_row], layout_loops_ring, grunt_decor_arrowhead,
          uniq_erica

Skill      XL: |  1  2  3  4  5  6  7  8  9 10 11 |
---------------+----------------------------------+-----
Fighting       | 4 5 6 7 8 9 10 | 10.2
Axes           | 4 5 6 7 8 10 | 10.3
Armour         | 3 4 5 6 8 9 |  9.9
Dodging        | 3 4 5 6 7 8 9 |  9.1
Shields        | 1 2 3 4 5 7 8 9 |  9.1

Action                     |  1- 3 |  4- 6 |  7- 9 | 10-12 || total
---------------------------+-------+-------+-------+-------++-------
  Melee: Hand axe          |    94 |    99 |   324 |   204 ||   721
         Headbutt          |    18 |    18 |    68 |    57 ||   161
 Invoke: Berserk           |       |     3 |     8 |     4 ||    15
         Trog's Hand       |       |       |       |     2 ||     2
         Brothers in Arms  |       |       |       |     1 ||     1
 Armour: Animal skin       |    11 |       |       |       ||    11
         Ring mail         |       |    31 |    59 |     5 ||    95
         Plate armour      |       |       |    43 |    73 ||   116
  Dodge: Dodged            |    50 |    34 |   118 |    71 ||   273
  Block: Tower shield      |       |    51 |   254 |   193 ||   498
